 Dungeon Crawl Stone Soup version 0.26-a0-712-ga5a9c9c9d0 (webtiles) character file.

Game seed: 17026524651762971818

3575 somkeydreadnuts the Geomancer (level 10, -2/50 HPs)
             Began as a Gargoyle Earth Elementalist on Oct 31, 2020.
             Was a Priest of Vehumet.
             Slain by a tengu warrior
             ... wielding a +0 great sword
              (4 damage)
             ... on level 8 of the Dungeon on Nov 1, 2020.
             The game lasted 00:38:27 (7346 turns).

somkeydreadnuts the Geomancer (GrEE)                Turns: 7346, Time: 00:38:31

Health: -2/50      AC:  9    Str: 12    XL:     10   Next: 10%
Magic:  0/24       EV: 12    Int: 19    God:    Vehumet [***...]
Gold:   525        SH:  0    Dex: 10    Spells: 19/29 levels left

rFire    . . .     SeeInvis .   n - +0 war axe
rCold    . . .     Faith    .   (no shield)
rNeg     + . .     Spirit   +   c - +0 robe
rPois    ∞         Reflect  .   (no helmet)
rElec    +         Harm     .   (no cloak)
rCorr    .         Rampage  .   (no gloves)
MR       .....                  (no boots)
Stlth    ++........             s - amulet of guardian spirit
HPRegen  0.16/turn              (no ring)
MPRegen  0.19/turn              (no ring)

@: no status effects
A: negative energy resistance 1, electricity resistance, unbreathing,
petrification resistance, rot immunity, AC +7
a: Renounce Religion


You were on level 8 of the Dungeon.
You worshipped Vehumet.
Vehumet was most pleased with you.
You visited 2 branches of the dungeon, and saw 9 of its levels.

You collected 525 gold pieces.

Inventory:

Hand Weapons
 m - a +3 short sword
 n - a +0 war axe (weapon)
 C - the +6 hunting sling "Gaediguk" {venom, rPois MR++}
   (You took it off an orc on level 7 of the Dungeon)

   It poisons the ammo it fires.
   It protects you from poison.
   It affects your resistance to hostile enchantments.
Missiles
 b - 77 stones (quivered)
 i - a throwing net
Armour
 c - a +0 robe (worn)
 d - a +0 leather armour
 G - the cursed +1 ring mail of Koloc {rPois rF+ rN+ Dex+2, unknown}
   (You found it on level 8 of the Dungeon)

   It affects your dexterity (+2).
   It protects you from fire.
   It protects you from poison.
   It protects you from negative energy.
   It has a curse placed upon it.
Jewellery
 s - an amulet of guardian spirit (around neck)
Wands
 E - a wand of iceblast (5)
Scrolls
 a - 3 scrolls of teleportation
 e - 2 scrolls of fear {unknown}
 g - 4 scrolls of remove curse {unknown}
 j - a scroll of enchant weapon {unknown}
 o - 2 scrolls of immolation {unknown}
 p - 3 scrolls of enchant armour {unknown}
 r - 8 scrolls of identify {unknown}
 t - a scroll of noise {unknown}
 w - 2 scrolls of amnesia {unknown}
 y - a scroll of silence {unknown}
 z - a scroll of magic mapping {unknown}
 A - a scroll of blinking {unknown}
 B - a scroll of random uselessness {unknown}
Potions
 f - a potion of flight {unknown}
 h - a potion of magic {unknown}
 k - a potion of curing
 l - 2 potions of brilliance {unknown}
 q - 3 potions of lignification {unknown}
 u - 2 potions of stabbing {unknown}
 v - 2 potions of might {unknown}
 x - a potion of haste
 D - a potion of degeneration {unknown}
 F - a potion of resistance {unknown}


   Skills:
 - Level 0.4 Short Blades
 - Level 1.0 Axes
   Level 0.2(0.7) Maces & Flails
 - Level 1.5 Dodging
 - Level 2.2 Stealth
 + Level 10.2 Spellcasting
 + Level 0.7 Transmutations
 - Level 11.0 Earth Magic


You had 19 spell levels left.
You knew the following spells:

 Your Spells              Type           Power        Failure   Level
a - Sandblast             Erth           ######       1%          1
b - Petrify               Tmut/Erth      ####....     6%          4
c - Lee's Rapid Deconstr  Erth           ######....   1%          5

Your spell library contained the following spells:

 Spells                   Type           Power        Failure   Level
 Sticky Flame             Conj/Fire      #.......     19%         4
 Passwall                 Tmut/Erth      ####....     1%          2
 Stone Arrow              Conj/Erth      ####..       1%          3
 Beastly Appendage        Tmut           ##....       5%          1
 Dazzling Flash           Conj/Hex       #.....       6%          3
 Corona                   Hex            #......      8%          1
 Summon Small Mammal      Summ           #...         8%          1
 Wereblood                Tmut           ##......     9%          2
 Call Imp                 Summ           #.......     11%         2
 Ensorcelled Hibernation  Hex/Ice        #.....       11%         2
 Spider Form              Tmut/Pois      ##........   19%         3
 Call Canine Familiar     Summ           #.......     22%         3
 Confusing Touch          Hex            #.......     22%         3
 Summon Guardian Golem    Hex/Summ       #.......     22%         3
 Tukima's Dance           Hex            #.......     22%         3
 Ice Form                 Ice/Tmut       ##......     54%         4
 Summon Ice Beast         Ice/Summ       #.......     58%         4
 Summon Lightning Spire   Summ/Air       #.......     58%         4
 Blade Hands              Tmut           ##........   83%         5


Dungeon Overview and Level Annotations

Branches:
Dungeon (8/15)             Temple (1/1) D:4
   Lair: D:8-11

Altars:
Ashenzari
Cheibriados
Dithmenos
Elyvilon
Fedhas
Gozag
Hepliaklqana
Kikubaaqudgha
Makhleb
Nemelex Xobeh
Okawaru
Qazlal
Ru
Sif Muna
Trog
Uskayaw
Vehumet
Wu Jian
Xom
Yredelemnul
Zin
The Shining One


Innate Abilities, Weirdness & Mutations

You are resistant to torment.
Your stone body is resilient. (AC +7)
You are immune to poison.
You resist negative energy. (rN+)
You are resistant to electric shocks. (rElec)
You can survive without breathing.
You are immune to petrification.
You are immune to rotting.


Message History

The tengu warrior pecks you but does no damage.
The tengu warrior claws you.
* * * LOW HITPOINT WARNING * * *
You feel better.
The tengu warrior hits you with a +0 great sword!
* * * LOW HITPOINT WARNING * * *
The tengu warrior barely misses you. The tengu warrior misses you.
Press: ? - help, Shift-Dir - straight line, p - tengu warrior
Okay, then.
Unknown command.
Unknown command.
Unknown command.
You feel better.
You barely miss the tengu warrior.
The tengu warrior is severely wounded.
The tengu warrior hits you with a +0 great sword!!
* * * LOW HITPOINT WARNING * * *
The tengu warrior misses you. The tengu warrior barely misses you.
The tengu warrior hits you with a +0 great sword.
You die...

#......?.#
#........#
#........#
#....z...#
#.!......#
#........#
#[.......#
#.......)##########
#####.>†)†Q@......#
#######.......#
#)....... #........
......#.. ......# .
......# .......#


You could see a tengu warrior.

Vanquished Creatures
  A cyclops (D:7)
  A tengu conjurer (D:8)
  2 water moccasins
  3 orc warriors
  3 sky beasts
  2 ice beasts
  5 ogres
  2 centaurs
  A bullfrog (D:7)
  A water moccasin zombie (D:5)
  A scorpion (D:7)
  2 water moccasin skeletons (D:5)
  4 wights (D:8)
  2 centaur zombies
  2 howler monkeys
  3 bullfrog zombies
  4 hounds
  3 orc wizards (D:6)
  A jelly (D:6)
  2 orc priests (D:6)
  An iguana (D:8)
  Terence (D:3)
  2 worker ants
  A killer bee zombie (D:5)
  A hound zombie (D:5)
  A howler monkey zombie (D:5)
  4 gnolls
  9 adders
  A howler monkey skeleton (D:6)
  A shadow imp (D:5)
  6 white imps
  An ufetubus (D:5)
  2 adder zombies (D:5)
  An ooze (D:6)
  An adder skeleton (D:5)
  2 worms
  2 dart slugs
  3 leopard geckos
  23 orcs
  2 bat zombies (D:3)
  9 giant cockroaches
  10 goblins
  3 hobgoblins
  14 jackals
  5 quokkas
  2 ball pythons
  9 bats
  4 frilled lizards
  4 kobolds
  A leopard gecko skeleton (D:5)
  A leopard gecko zombie (D:5)
  A quokka zombie (D:5)
  9 rats
  4 rat zombies (D:3)
186 creatures vanquished.

Vanquished Creatures (others)
  2 plants (D:5)
  4 withered plants (D:5)
6 creatures vanquished.

Grand Total: 192 creatures vanquished

Notes
Turn   | Place    | Note
-------+----------+-------------------------------------------
     0 | D:1      | somkeydreadnuts the Gargoyle Earth Elementalist began the
                  | quest for the Orb.
     0 | D:1      | Reached XP level 1. HP: 10/10 MP: 3/3
    63 | D:1      | Reached skill level 4 in Earth Magic
   117 | D:1      | Reached XP level 2. HP: 15/15 MP: 1/5
   307 | D:1      | Reached XP level 3. HP: 19/19 MP: 6/6
   328 | D:1      | Reached skill level 5 in Earth Magic
  1215 | D:2      | Found a blossoming altar of Fedhas.
  1328 | D:2      | Reached XP level 4. HP: 19/24 MP: 5/7
  1690 | D:3      | Reached skill level 1 in Axes
  1901 | D:3      | Noticed Terence
  1962 | D:3      | Killed Terence
  1962 | D:3      | Reached skill level 6 in Earth Magic
  1962 | D:3      | Reached XP level 5. HP: 23/28 MP: 3/8
  2067 | D:3      | Found an ancient bone altar of Kikubaaqudgha.
  2739 | D:4      | Found a staircase to the Ecumenical Temple.
  2751 | Temple   | Entered the Ecumenical Temple
  2761 | Temple   | Became a worshipper of Vehumet
  2803 | D:4      | Noticed an ogre
  2812 | D:4      | Killed an ogre
  2812 | D:4      | Reached skill level 7 in Earth Magic
  2812 | D:4      | Reached XP level 6. HP: 32/32 MP: 5/9
  3483 | D:5      | Entered Level 5 of the Dungeon
  3770 | D:5      | Reached XP level 7. HP: 13/36 MP: 8/13
  3993 | D:5      | Reached * piety under Vehumet
  3993 | D:5      | Offered knowledge of Magic Dart by Vehumet.
  4166 | D:5      | Reached skill level 8 in Earth Magic
  4781 | D:6      | Reached skill level 9 in Earth Magic
  4781 | D:6      | Reached XP level 8. HP: 34/41 MP: 12/15
  4787 | D:6      | Learned a level 4 spell: Petrify
  4846 | D:6      | Found an opulent altar of Gozag.
  5020 | D:6      | Reached skill level 10 in Earth Magic
  5026 | D:6      | Offered knowledge of Freeze by Vehumet.
  5077 | D:6      | Reached ** piety under Vehumet
  5263 | D:6      | Reached skill level 11 in Earth Magic
  5270 | D:6      | Learned a level 5 spell: Lee's Rapid Deconstruction
  5460 | D:6      | Reached skill level 5 in Spellcasting
  5822 | D:7      | Reached XP level 9. HP: 35/45 MP: 8/18
  5867 | D:7      | Found an iron altar of Okawaru.
  5873 | D:7      | Found a stormy altar of Qazlal.
  5879 | D:7      | Found a sparkling altar of Nemelex Xobeh.
  6104 | D:7      | Identified the +6 hunting sling "Gaediguk" {venom, rPois
                  | MR++}
  6722 | D:7      | Noticed a cyclops
  6723 | D:7      | Offered knowledge of Conjure Flame by Vehumet.
  6733 | D:7      | Killed a cyclops
  6945 | D:8      | Got a jewelled ring mail
  7094 | D:8      | Reached *** piety under Vehumet
  7302 | D:8      | Noticed a tengu conjurer
  7304 | D:8      | Noticed a tengu warrior
  7306 | D:8      | Killed a tengu conjurer
  7306 | D:8      | Reached XP level 10. HP: 50/50 MP: 15/23
  7330 | D:8      | Offered knowledge of Sticky Flame by Vehumet.
  7331 | D:8      | Reached skill level 10 in Spellcasting
  7346 | D:8      | HP: 2/50 [tengu warrior/+0 great sword (19)]
  7346 | D:8      | Slain by a tengu warrior

Illustrated notes

Levels and vault maps discovered:
D:1:      ncdulo_smallfort, layout_basic
D:2:      layout_basic, fedhas_altar_2
D:3:      layout_loops_ring, lemuel_zombie_altar_kikubaaqudgha, uniq_terence
D:4:      layout_gridville, minmay_temple_entry_statues_fountains,
          kennysheep_another_room
D:5:      layout_cave_pools, serial_undead, serial_undead_e, serial_undead_b,
          serial_undead_b, serial_undead_b, serial_undead_a, serial_undead_f,
          serial_undead_f, serial_undead_a, saegor_snake_ambush
D:6:      layout_basic, mrwooster_statue_mirror, nicolae_gozag_seed_capital
D:7:      minmay_slanted_spiral_squares, layout_cave_pools,
          minmay_overflow_temple_star_quad
D:8:      layout_basic
Temple:   nicolae_temple_no_exploring_needed

Skill      XL: |  1  2  3  4  5  6  7  8  9 10 |
---------------+-------------------------------+-----
Earth Magic    | 4 5 6 7 9 11 | 11.0
Axes           | 1 |  1.0
Spellcasting   | 4 6 9 10 | 10.2
Short Blades   | |  0.4
Maces & Flails | |  0.2
Dodging        | |  1.5
Stealth        | |  2.2
Transmutations | |  0.7

Action                   |  1- 3 |  4- 6 |  7- 9 | 10-12 || total
-------------------------+-------+-------+-------+-------++-------
Melee: Unarmed           |    15 |     2 |       |       ||    17
       Club              |    33 |       |       |       ||    33
       War axe           |    37 |   108 |   110 |    17 ||   272
       Short sword       |     6 |       |       |       ||     6
 Cast: Sandblast         |    18 |    42 |   116 |     5 ||   181
       Lee's Rapid Decon |       |       |     5 |     6 ||    11
  Use: Scroll            |       |       |     1 |       ||     1
       Potion            |       |       |       |     3 ||     3
 Stab: Sleeping          |       |     2 |     1 |       ||     3
Armor: Robe              |    56 |    45 |    77 |    18 ||   196
Dodge: Dodged            |   104 |    94 |   125 |    44 ||   367

Table legend: (Time is in decaauts)
 A = Elapsed time spent in this place.
 B = Non-inter-level travel time spent in this place.
 C = Inter-level travel time spent in this place.
 D = Time resting spent in this place.
 E = Time spent auto-exploring this place.
 F = Levels seen in this place.
 G = Mean time per level.
                   A        B        C        D        E       F      G
               +--------+--------+--------+--------+--------+-----+--------+
         Total |   7490 |   7490 |      0 |      0 |   4655 |   9 |  832.2 |
       Dungeon |   7467 |   7467 |      0 |      0 |   4655 |   8 |  933.4 |
        Temple |     22 |     22 |      0 |      0 |      0 |   1 |   22.0 |
               +--------+--------+--------+--------+--------+-----+--------+

Top non-repeatable levels by time:
     D:5: 1246 daAuts
     D:6: 1127 daAuts
     D:7: 1103 daAuts
     D:4: 1012 daAuts
     D:2: 918 daAuts
     D:3: 904 daAuts
     D:1: 682 daAuts
     D:8: 473 daAuts
  Temple: 22 daAuts
